 Dungeon Crawl Stone Soup version 0.21.1-1-g345015f (webtiles) character file.

60 inc the Ducker (level 3, -6/17 HPs)
             Began as a Felid Monk on June 16, 2018.
             Mangled by a centaur (10 damage)
             ... on level 3 of the Dungeon.
             The game lasted 00:02:00 (2269 turns).

inc the Ducker (Felid Monk)                         Turns: 2269, Time: 00:02:00

Health: -6/17      AC:  1    Str:  7    XL:     3   Next: 82%
Magic:  4/4        EV: 23    Int: 11    God:
Gold:   62         SH:  0    Dex: 19    Spells: 2/2 levels left
                                        Lives:  0   Deaths: 0

rFire    . . .     SeeInvis +     - Unarmed
rCold    . . .     Gourm    .   (shield unavailable)
rNeg     . . .     Faith    .   (armour unavailable)
rPois    .         Spirit   .   (helmet unavailable)
rElec    .         Reflect  .   (cloak unavailable)
rCorr    .         Harm     .   (gloves unavailable)
MR       .....                  (boots unavailable)
Stlth    +++.......             (no amulet)
HPRegen  0.05/turn              (no ring)
MPRegen  0.09/turn              (no ring)

@: quick
A: very small, no armour, no weapons or thrown items, stealth, claws 1, fangs 3,
see invisible, carnivore, speed 1, shaggy fur 1, slow metabolism 1, sharp paws
a: no special abilities


You were on level 3 of the Dungeon.
You were not hungry.

You visited 1 branch of the dungeon, and saw 3 of its levels.

You collected 62 gold pieces.

Inventory:

Jewellery
 h - an uncursed ring of poison resistance {unknown}
Scrolls
 b - a scroll of teleportation
 f - a scroll of remove curse
 g - 2 scrolls of identify {unknown}
 i - a scroll of random uselessness {unknown}
 j - a scroll of amnesia {unknown}
Potions
 c - a potion of degeneration {unknown}
 d - 2 potions of heal wounds
 e - 2 potions of curing {unknown}
Comestibles
 a - 4 rations


   Skills:
 - Level 3.0 Fighting
 + Level 6.4 Dodging
 + Level 2.6 Stealth
 - Level 3.0 Unarmed Combat


You had 2 spell levels left.
You didn't know any spells.

Dungeon Overview and Level Annotations

Branches:
Dungeon (3/15)

Altars:
Zin

Shops:
D:2 *

Annotations:
D:3 diana's ghost, amateur TeFi


Innate Abilities, Weirdness & Mutations

You cannot wear armour.
You are incapable of wielding weapons or throwing items.
Your paws allow you to move quietly. (Stealth)
You have sharp claws.
You have razor-sharp teeth.
You have supernaturally acute eyesight. (SInv)
You are carnivorous and can eat meat at any time.
You cover ground quickly.
You are covered in fur. (AC +1)
You have a slow metabolism.
Your sharp claws are effective at attacking unaware monsters.


Message History

There is a stone staircase leading up here.
A bat comes into view.
A centaur comes into view.
The centaur wields a shortbow.
The centaur shoots an arrow.
The arrow hits you!
You hear an angry hiss.
You see here an arrow.
A ball python comes into view.
The centaur shoots an arrow.
The arrow completely misses you.
You see here an arrow.
The centaur shoots an arrow.
The arrow completely misses you.
You see here an arrow.
The centaur shoots an arrow.
The arrow barely misses you.
You see here an arrow.
The centaur unwields an uncursed shortbow.
The centaur hits you.
* * * LOW HITPOINT WARNING * * *
The ball python completely misses you. The ball python closely misses you.
The centaur hits you!
Ouch! That really hurt!
You die...

.......##....
.#.....###...
#b#...........
...........#.
#####......###... #..
... ## ##.... #.# #.###
#..###
#######.####...###.####
#.....@(((####.........
#....cS...(............
#.........#####.###....
#.........####..# #....
########.......## #....
..####### #.... ..##
#.... ### #.... ##...


You could see a centaur and a ball python.

Vanquished Creatures
  2 adders (D:2)
  An ooze (D:1)
  2 worms (D:2)
  A dart slug (D:1)
  4 leopard geckos
  A giant cockroach (D:1)
  3 goblins
  A hobgoblin (D:1)
  2 quokkas
  4 bats
  2 frilled lizards
  4 rats
27 creatures vanquished.

Notes
Turn   | Place    | Note
-------+----------+-------------------------------------------
     0 | D:1      | inc the Felid Monk began the quest for the Orb.
     0 | D:1      | Reached XP level 1. HP: 10/10 MP: 2/2
   445 | D:1      | Reached XP level 2. HP: 14/14 MP: 3/3
   512 | D:1      | Reached skill level 5 in Dodging
  1181 | D:2      | Found a faded altar of an unknown god.
  1199 | D:2      | Found Zin's Purification Station.
  1201 | D:2      | Found a glowing silver altar of Zin.
  1240 | D:2      | Reached XP level 3. HP: 17/17 MP: 4/4
  1267 | D:2      | Reached skill level 6 in Dodging
  2158 | D:3      | Noticed diana's ghost (amateur TeFi)
  2263 | D:3      | Noticed a centaur
  2269 | D:3      | Mangled by a centaur

Skill      XL: |  1  2  3 |
---------------+----------+-----
Dodging        | 5 6 |  6.4
Fighting       | |  3.0
Stealth        | |  2.6
Unarmed Combat | |  3.0

Action                   || total
-------------------------++-------
Melee: Unarmed           ||   104
       Bite              ||    11
       Punch             ||     2
  Use: Scroll            ||     2
       Potion            ||     1
 Stab: Sleeping          ||     3
  Eat: Chunk             ||     1
Armor: Skin              ||     1
Dodge: Dodged            ||    77
